General information
- name: BNet
- type: Ladder team game (AT/RT)
- host: Battle.net
- saver: KingOfBNET
map: Friends
- players: 8
- length: 61:04
- speed: Fast
- version: 1.26 W3XP
- replay type: Public
» download(313 KB)
Players
team 1 (loser)

»
MynameisBug (
purple | 59 APM | 1684 actions | 28:24)
9 Blademaster
3 Wind Walk
3 Critical Strike
1 Bladestorm
2 Mirror Image
» actions
Assign group hotkey | 21 | |
Basic commands | 27 | |
Build / train | 79 | |
ESC pressed | 1 | |
Enter build submenu | 17 | |
Enter hero's abilities submenu | 10 | |
Right click | 879 | |
Select / deselect | 381 | |
Select group hotkey | 164 | |
Use ability | 105 | |
1684 total
» units
Peon | 21 | |
Wind Rider | 15 | |
Troll Batrider | 14 | |
50 total
» upgrades
Ranged Weapons | 2 | |
Envenomed Spears | 1 | |
3 total
» buildings
Altar of Storms | 1 | |
Orc Burrow | 8 | |
Voodoo Lounge | 1 | |
War Mill | 1 | |
Stronghold | 1 | |
Watch Tower | 2 | |
Barracks | 1 | |
Beastiary | 2 | |
Fortress | 1 | |
Great Hall | 1 | |
19 total
» build order
00:07 Altar of Storms
00:11 Orc Burrow
00:36 Voodoo Lounge
01:37 War Mill
01:47 Orc Burrow
02:46 Stronghold
03:11 Watch Tower
03:50 Watch Tower
04:11 Barracks
05:19 Beastiary
05:22 Beastiary
05:28 Orc Burrow
05:35 Fortress
06:10 Orc Burrow
07:26 Orc Burrow
07:29 Orc Burrow
08:39 Orc Burrow
12:02 Orc Burrow
24:45 Great Hall
» items
Healing Salve | 4 | |
Lesser Clarity Potion | 9 | |
Orb of Lightning | 1 | |
14 total
ArkSummons (
teal | 37 APM | 2229 actions | 61:02)
5 Warden
2 Fan of Knives
3 Shadow Strike
» actions
Basic commands | 183 | |
Build / train | 88 | |
Enter build submenu | 46 | |
Enter hero's abilities submenu | 7 | |
Remove unit from queue | 2 | |
Right click | 902 | |
Select / deselect | 908 | |
Use ability | 93 | |
2229 total
» units
Wisp | 28 | |
Archer | 10 | |
Goblin Shredder | 1 | |
Dryad | 20 | |
Goblin Zeppelin | 2 | |
Hippogryph | 7 | |
68 total
» upgrades
Abolish Magic | 1 | |
Improved Bows | 1 | |
Strength of the Moon | 1 | |
Marksmanship | 1 | |
4 total
» buildings
Altar of Elders | 1 | |
Moon Well | 10 | |
Ancient of War | 2 | |
Hunter's Hall | 2 | |
Ancient of Wonders | 1 | |
Tree of Ages | 3 | |
Ancient Protector | 5 | |
Ancient of Lore | 2 | |
Tree of Eternity | 2 | |
Tree of Life | 4 | |
Ancient of Wind | 3 | |
35 total
» build order
00:13 Altar of Elders
00:27 Moon Well
00:39 Ancient of War
02:24 Hunter's Hall
02:51 Ancient of Wonders
03:13 Moon Well
04:09 Moon Well
04:59 Tree of Ages
05:30 Ancient Protector
07:32 Ancient of Lore
07:52 Ancient of Lore
08:19 Moon Well
09:15 Moon Well
09:18 Tree of Eternity
09:33 Ancient Protector
10:36 Tree of Eternity
14:23 Moon Well
14:48 Moon Well
15:53 Moon Well
19:52 Ancient Protector
19:56 Ancient Protector
28:18 Tree of Life
31:57 Tree of Life
34:55 Ancient of War
35:14 Tree of Life
39:33 Tree of Ages
41:25 Tree of Ages
42:07 Tree of Life
44:06 Ancient of Wind
44:20 Ancient of Wind
45:19 Ancient of Wind
47:12 Moon Well
47:29 Moon Well
49:59 Hunter's Hall
51:17 Ancient Protector
» items
Orb of Venom | 1 | |
Potion of Healing | 1 | |
2 total

»
yourowndevil (
orange | 23 APM | 660 actions | 28:28)
4 Tauren Chieftain
2 Endurance Aura
2 War Stomp
2 Shadow Hunter
1 Healing Wave
1 Serpent Ward
» actions
Basic commands | 10 | |
Build / train | 61 | |
Enter build submenu | 16 | |
Enter hero's abilities submenu | 6 | |
Right click | 308 | |
Select / deselect | 206 | |
Use ability | 53 | |
660 total
» units
Peon | 19 | |
Grunt | 7 | |
Forest Troll Shadow Priest | 1 | |
Tauren | 7 | |
34 total
» upgrades
Pillage | 1 | |
Melee Weapons | 3 | |
Armor | 3 | |
Berserker Strength | 1 | |
Pulverize | 1 | |
9 total
» buildings
Orc Burrow | 7 | |
Altar of Storms | 1 | |
Barracks | 1 | |
War Mill | 2 | |
Watch Tower | 2 | |
Stronghold | 1 | |
Fortress | 1 | |
Tauren Totem | 2 | |
17 total
» build order
00:15 Orc Burrow
00:22 Altar of Storms
01:17 Orc Burrow
01:50 Barracks
02:14 War Mill
03:25 Orc Burrow
03:28 Watch Tower
05:19 Orc Burrow
06:28 Watch Tower
06:30 Stronghold
10:12 Fortress
12:13 Orc Burrow
13:09 Tauren Totem
13:14 Tauren Totem
14:58 War Mill
16:39 Orc Burrow
18:30 Orc Burrow
» items
Lesser Clarity Potion | 1 | |
Healing Salve | 1 | |
Scroll of Town Portal | 3 | |
Orb of Lightning | 2 | |
7 total

»
robertw32221 (
red | 36 APM | 999 actions | 27:48)
6 Priestess of the Moon
2 Searing Arrows
2 Trueshot Aura
1 Scout
1 Starfall
» actions
Basic commands | 20 | |
Build / train | 72 | |
Enter build submenu | 15 | |
Enter hero's abilities submenu | 6 | |
Remove unit from queue | 2 | |
Right click | 587 | |
Select / deselect | 255 | |
Use ability | 42 | |
999 total
» units
Wisp | 8 | |
Archer | 38 | |
Hippogryph | 11 | |
57 total
» upgrades
Hippogryph Taming | 1 | |
Strength of the Moon | 1 | |
Moon Armor | 1 | |
3 total
» buildings
Moon Well | 7 | |
Ancient of War | 1 | |
Altar of Elders | 1 | |
Tree of Ages | 1 | |
Hunter's Hall | 1 | |
Ancient of Wonders | 1 | |
Ancient of Wind | 2 | |
Tree of Life | 1 | |
15 total
» build order
00:37 Moon Well
01:06 Ancient of War
01:18 Altar of Elders
01:30 Moon Well
01:47 Moon Well
02:29 Moon Well
04:09 Tree of Ages
06:17 Hunter's Hall
06:21 Ancient of Wonders
07:47 Ancient of Wind
07:50 Ancient of Wind
11:38 Moon Well
12:51 Moon Well
13:51 Moon Well
20:27 Tree of Life
» items
team 2 (winner)

»
Yeah13uddy (
pink | 29 APM | 1772 actions | 61:02)
5 Goblin Tinker
3 Pocket Factory
2 Engineering Upgrade
4 Priestess of the Moon
2 Scout
2 Trueshot Aura
» actions
Basic commands | 44 | |
Build / train | 108 | |
Enter build submenu | 23 | |
Enter hero's abilities submenu | 9 | |
Give item / drop item | 1 | |
Remove unit from queue | 2 | |
Right click | 766 | |
Select / deselect | 750 | |
Use ability | 69 | |
1772 total
» units
Wisp | 33 | |
Archer | 8 | |
Hippogryph | 19 | |
Druid of the Talon | 4 | |
Goblin Shredder | 1 | |
Chimaera | 7 | |
Goblin Zeppelin | 1 | |
73 total
» upgrades
Strength of the Moon | 1 | |
Improved Bows | 1 | |
Strength of the Wild | 3 | |
Reinforced Hides | 3 | |
Hippogryph Taming | 1 | |
Ultravision | 1 | |
Druid of the Talon Training | 2 | |
Well Spring | 1 | |
Mark of the Talon | 1 | |
Nature's Blessing | 1 | |
Corrosive Breath | 1 | |
16 total
» buildings
Ancient of War | 1 | |
Moon Well | 8 | |
Altar of Elders | 1 | |
Tree of Ages | 1 | |
Hunter's Hall | 1 | |
Ancient of Wind | 3 | |
Ancient of Wonders | 1 | |
Tree of Eternity | 1 | |
Ancient Protector | 2 | |
Chimaera Roost | 3 | |
Tree of Life | 1 | |
23 total
» build order
00:11 Ancient of War
00:18 Moon Well
00:33 Altar of Elders
01:43 Moon Well
03:35 Tree of Ages
04:15 Hunter's Hall
04:19 Moon Well
05:35 Moon Well
07:47 Ancient of Wind
09:20 Ancient of Wind
10:17 Ancient of Wonders
12:16 Moon Well
14:05 Tree of Eternity
15:01 Ancient of Wind
26:53 Ancient Protector
27:47 Ancient Protector
31:36 Chimaera Roost
32:01 Chimaera Roost
32:37 Chimaera Roost
33:28 Moon Well
34:00 Moon Well
34:30 Moon Well
36:48 Tree of Life
» items
Potion of Healing | 3 | |
Orb of Venom | 1 | |
4 total

»
tamerelachienne (
blue | 29 APM | 999 actions | 34:14)
5 Archmage
3 Summon Water Elemental
2 Brilliance Aura
» actions
Basic commands | 20 | |
Build / train | 65 | |
Enter build submenu | 29 | |
Enter hero's abilities submenu | 5 | |
Right click | 443 | |
Select / deselect | 380 | |
Use ability | 57 | |
999 total
» units
Peasant | 9 | |
Footman | 1 | |
Rifleman | 7 | |
Forest Troll Shadow Priest | 1 | |
Forest Troll Berserker | 1 | |
Siege Engine | 8 | |
Mortar Team | 8 | |
Knight | 3 | |
38 total
» upgrades
Long Rifles | 1 | |
Gunpowder | 2 | |
Lumber Harvesting | 2 | |
Armor | 1 | |
Barrage | 1 | |
Plating | 1 | |
Fragmentation Shards | 1 | |
Swords | 2 | |
Animal War Training | 1 | |
Masonry | 1 | |
13 total
» buildings
Altar of Kings | 1 | |
Farm | 8 | |
Barracks | 2 | |
Blacksmith | 2 | |
Lumber Mill | 1 | |
Keep | 1 | |
Castle | 1 | |
Workshop | 3 | |
Scout Tower | 7 | |
Guard Tower | 1 | |
27 total
» build order
00:17 Altar of Kings
00:22 Farm
00:59 Farm
01:07 Barracks
01:53 Blacksmith
01:58 Blacksmith
02:05 Farm
02:33 Barracks
02:45 Lumber Mill
03:48 Keep
04:03 Farm
04:46 Farm
06:19 Castle
06:46 Workshop
09:51 Workshop
09:57 Farm
10:11 Workshop
10:45 Farm
14:11 Farm
15:06 Scout Tower
21:59 Scout Tower
22:01 Scout Tower
22:08 Scout Tower
23:27 Guard Tower
23:31 Scout Tower
23:32 Scout Tower
23:35 Scout Tower
» items
Scroll of Town Portal | 4 | |
Healing Salve | 1 | |
5 total
KingOfBNET (
green | 79 APM | 4825 actions | 61:04)
9 Blademaster
3 Wind Walk
3 Critical Strike
1 Bladestorm
2 Mirror Image
» actions
Assign group hotkey | 209 | |
Basic commands | 604 | |
Build / train | 120 | |
Enter build submenu | 48 | |
Enter hero's abilities submenu | 9 | |
Give item / drop item | 3 | |
Remove unit from queue | 3 | |
Right click | 1488 | |
Select / deselect | 570 | |
Select group hotkey | 1527 | |
Use ability | 244 | |
4825 total
» units
Peon | 20 | |
Grunt | 8 | |
Troll Batrider | 17 | |
Goblin Shredder | 1 | |
Goblin Sapper | 7 | |
Wind Rider | 11 | |
64 total
» upgrades
Armor | 3 | |
Berserker Strength | 1 | |
Pillage | 1 | |
Troll Regeneration | 1 | |
Ranged Weapons | 3 | |
Reinforced Defenses | 1 | |
Envenomed Spears | 1 | |
11 total
» buildings
Orc Burrow | 8 | |
Altar of Storms | 1 | |
Barracks | 2 | |
War Mill | 4 | |
Stronghold | 1 | |
Voodoo Lounge | 2 | |
Watch Tower | 23 | |
Beastiary | 6 | |
Great Hall | 4 | |
Fortress | 1 | |
Cannon Tower | 1 | |
53 total
» build order
00:13 Orc Burrow
00:39 Altar of Storms
00:53 Barracks
01:08 Barracks
01:21 Orc Burrow
02:17 War Mill
03:40 Stronghold
03:45 Orc Burrow
04:46 Voodoo Lounge
04:48 Watch Tower
04:49 Watch Tower
04:52 Watch Tower
05:25 Watch Tower
05:31 Watch Tower
07:47 Voodoo Lounge
07:52 Beastiary
07:53 Beastiary
10:57 Great Hall
11:21 War Mill
12:44 Orc Burrow
12:46 Orc Burrow
13:46 Fortress
14:32 Watch Tower
14:32 Watch Tower
17:02 Orc Burrow
20:50 Watch Tower
20:50 Watch Tower
20:50 Watch Tower
20:53 Watch Tower
25:58 Great Hall
27:06 Beastiary
27:07 Beastiary
27:10 Beastiary
27:13 Beastiary
34:13 Watch Tower
34:13 Watch Tower
34:13 Watch Tower
34:14 Watch Tower
34:14 Watch Tower
34:16 Watch Tower
34:16 Watch Tower
35:06 Great Hall
38:22 Great Hall
40:13 War Mill
40:16 War Mill
41:21 Orc Burrow
41:22 Orc Burrow
47:22 Cannon Tower
48:22 Watch Tower
48:24 Watch Tower
48:25 Watch Tower
48:27 Watch Tower
48:31 Watch Tower
» items
Healing Salve | 6 | |
Scroll of Town Portal | 9 | |
Lesser Clarity Potion | 3 | |
Potion of Healing | 2 | |
Potion of Mana | 3 | |
Orb of Lightning | 1 | |
Ankh of Reincarnation | 1 | |
Alleria's Flute of Accuracy | 1 | |
Book of the Dead | 1 | |
Runed Bracers | 1 | |
28 total
tacticalcow (
yellow | 91 APM | 5537 actions | 61:02)
7 Archmage
1 Blizzard
3 Brilliance Aura
2 Summon Water Elemental
1 Mass Teleport
6 Paladin
3 Holy Light
1 Divine Shield
1 Devotion Aura
1 Resurrection
2 Mountain King
2 Storm Bolt
» actions
Assign group hotkey | 39 | |
Basic commands | 122 | |
Build / train | 132 | |
ESC pressed | 5 | |
Enter build submenu | 51 | |
Enter hero's abilities submenu | 15 | |
Right click | 2100 | |
Select / deselect | 447 | |
Select group hotkey | 2356 | |
Use ability | 270 | |
5537 total
» units
Peasant | 17 | |
Footman | 6 | |
Gryphon Rider | 8 | |
Goblin Zeppelin | 1 | |
Dragonhawk Rider | 3 | |
Goblin Shredder | 1 | |
Rifleman | 14 | |
50 total
» upgrades
Defend | 1 | |
Armor | 3 | |
Swords | 3 | |
Animal War Training | 1 | |
Cloud | 1 | |
Storm Hammers | 1 | |
Lumber Harvesting | 1 | |
Magic Sentry | 1 | |
Gunpowder | 3 | |
Long Rifles | 1 | |
Priest Training | 1 | |
17 total
» buildings
Barracks | 4 | |
Farm | 20 | |
Altar of Kings | 1 | |
Scout Tower | 10 | |
Arcane Tower | 9 | |
Arcane Vault | 3 | |
Keep | 2 | |
Lumber Mill | 1 | |
Blacksmith | 1 | |
Gryphon Aviary | 3 | |
Castle | 2 | |
Town Hall | 5 | |
Arcane Sanctum | 1 | |
62 total
» build order
00:21 Barracks
00:35 Farm
00:53 Altar of Kings
01:06 Farm
01:43 Farm
01:59 Farm
02:05 Scout Tower
02:34 Arcane Tower
03:38 Arcane Vault
04:39 Keep
05:10 Lumber Mill
05:35 Blacksmith
05:36 Arcane Vault
07:28 Gryphon Aviary
07:47 Castle
08:16 Gryphon Aviary
08:19 Farm
08:42 Gryphon Aviary
09:08 Farm
09:20 Farm
09:50 Farm
10:07 Farm
13:02 Town Hall
13:08 Town Hall
13:09 Scout Tower
13:12 Farm
14:14 Arcane Tower
15:07 Farm
15:08 Farm
15:10 Farm
15:28 Scout Tower
16:12 Farm
17:50 Scout Tower
18:23 Arcane Tower
19:35 Arcane Tower
19:39 Scout Tower
20:22 Arcane Tower
20:32 Arcane Sanctum
20:50 Scout Tower
20:51 Scout Tower
20:53 Scout Tower
20:54 Scout Tower
20:56 Scout Tower
21:11 Farm
21:18 Arcane Tower
21:19 Arcane Tower
21:24 Arcane Tower
21:26 Arcane Tower
24:22 Farm
25:02 Arcane Vault
26:15 Farm
27:21 Farm
28:55 Farm
30:19 Barracks
31:32 Barracks
31:32 Barracks
33:43 Town Hall
34:07 Town Hall
35:21 Farm
36:10 Town Hall
» items
Scroll of Regeneration | 6 | |
Lesser Clarity Potion | 1 | |
Scroll of Town Portal | 4 | |
Mechanical Critter | 5 | |
Orb of Fire | 1 | |
Potion of Healing | 3 | |
Orb of Venom | 2 | |
Dust of Appearance | 1 | |
23 total
Chat log
(01:33 / Allies) tacticalcow: air and im creeping alone
(04:55 / Allies) tacticalcow: get dust nub
(05:00 / Allies) Yeah13uddy: stfu
(05:06 / Allies) tacticalcow: youre stupid
(05:14 / Allies) Yeah13uddy: your a deushce bag
(05:16 / Allies) KingOfBNET: you won't be able to creep that
(05:21 / Allies) tacticalcow: learn to spell that stupid
(05:43 / Allies) KingOfBNET: maybe you will
(05:51 / Allies) KingOfBNET: great creeping tactics
(07:18 / Allies) tacticalcow: still no dust stupid?
(12:52 / All) MynameisBug: wtf
(12:53 / All) MynameisBug: wtf
(12:53 / All) MynameisBug: wtf
(12:54 / All) MynameisBug: wtf
(17:48 / Allies) KingOfBNET: BS
(17:49 / All) KingOfBNET: |BS
(17:57 / All) MynameisBug: fun game we almost played
(18:04 / All) KingOfBNET: I need to turn off utorrent
(18:49 / Allies) Yeah13uddy: helkop
(19:53 / Allies) KingOfBNET: sadfsdff
(19:54 / All) KingOfBNET: lol
(20:02 / All) KingOfBNET: that was just retarded
(20:03 / All) MynameisBug: why cant i get real teammates
(20:06 / All) KingOfBNET: somehow clicked on chief
(23:36 / Allies) KingOfBNET: thanks guys
(23:40 / Allies) KingOfBNET: not like we never helped you
(23:47 / All) MynameisBug: why cant i get real teammates
(23:50 / All) MynameisBug: orange was joke
(23:59 / All) Yeah13uddy: whatever wyverns
(24:30 / All) MynameisBug: orange was on your team
(24:35 / Allies) tamerelachienne: gold plz«
(24:39 / 5) KingOfBNET: can't team kill if you're in my base
(25:09 / 5) KingOfBNET: better defend your base or I'll kill your units
(25:12 / 5) KingOfBNET: you and red
(25:15 / 5) KingOfBNET: ytou ahve 60 seconds to leave my base
(25:19 / Allies) tamerelachienne: gol dpzl
(25:44 / Allies) tamerelachienne: gold
(25:46 / 5) KingOfBNET: hit the top base
(26:13 / Allies) tamerelachienne: gold 100 plz
(26:27 / 5) KingOfBNET: kill yellow's army attack his abse and I can kill him
(26:33 / 5) KingOfBNET: hit his top expo, but spare mine
(26:38 / 5) KingOfBNET: top left corner
(27:09 / All) MynameisBug: if orange was on our team and not yours we easy win
(27:27 / All) Yeah13uddy: whate ever wyverns
(27:41 / 5) KingOfBNET: good job killing blue's base
(27:44 / 5) KingOfBNET: I'll help you with yellow
(27:44 / All) MynameisBug: not a gg
(27:45 / All) MynameisBug: but its over
(27:46 / All) MynameisBug: 3v5
(27:53 / All) Yeah13uddy: whatever wyverns
(28:12 / 5) KingOfBNET: Yes
(28:14 / All) MynameisBug: sigh
(28:15 / All) MynameisBug: what a joke
(28:21 / All) MynameisBug: these kids were fucking dumpster day care
(28:24 / All) tacticalcow: qq
(28:25 / All) Yeah13uddy: whatever bm wyvern noob
(28:28 / 5) KingOfBNET: Stay
(28:29 / Allies) tamerelachienne: 100000
(28:34 / All) tacticalcow: qq
(28:35 / 5) KingOfBNET: get a zeppelin
(28:42 / 5) KingOfBNET: hide a tree in the very top right ledge, there's a cliff
(28:55 / Allies) KingOfBNET: gold?
(29:19 / All) Yeah13uddy: agreed
(29:28 / Allies) tacticalcow: qq
(29:50 / 5) KingOfBNET: I got pink to help me
(30:19 / 5) KingOfBNET: get a zep and hide a atree top right ledge
(31:20 / Allies) KingOfBNET: get his altar pink
(31:24 / Allies) KingOfBNET: and castle
(31:27 / Allies) tacticalcow: spambot after
(31:41 / Allies) KingOfBNET: get his farms
(34:48 / Allies) KingOfBNET: Tragic
(35:31 / 5) KingOfBNET: Aye?
(35:45 / All) KingOfBNET: kill his farms pink
(36:54 / All) KingOfBNET: not smart
(36:58 / Allies) tacticalcow: qq
(37:23 / Allies) tacticalcow: finish up while i check email girls
(37:26 / Allies) tacticalcow: brb
(37:42 / Allies) KingOfBNET: check their bases I'll take care of yellow
(37:56 / 5) KingOfBNET: I meant on the ledge not the expansion
(38:00 / 5) KingOfBNET: there's a ledge above that
(38:12 / 5) KingOfBNET: good
(38:48 / 5) KingOfBNET: Yellow is dead, pink is next
(40:42 / All) Yeah13uddy: sorry for the delay we had to tk a fag
(40:48 / All) ArkSummons: ?
(40:53 / 5) KingOfBNET: He doesn't realize
(40:54 / All) ArkSummons: you cant kill me anyways
(41:08 / All) Yeah13uddy: ok
(41:36 / All) Yeah13uddy: looks like we fuckingyou up
(41:40 / All) ArkSummons: nope
(41:59 / All) Yeah13uddy: yup
(42:00 / All) ArkSummons: that was a decoy
(42:01 / All) ArkSummons: 1
(42:10 / All) Yeah13uddy: no big we will find
(42:17 / All) ArkSummons: you cant
(42:26 / All) ArkSummons: its under the map
(42:29 / All) ArkSummons: i have a hack
(42:34 / All) Yeah13uddy: ok
(42:38 / All) ArkSummons: mad?
(43:00 / All) ArkSummons: cmon baby
(43:26 / Allies) Yeah13uddy: damn green what up
(43:37 / All) KingOfBNET: Thanks for the assistance
(44:15 / All) Yeah13uddy: guees u search aline
(44:20 / Allies) Yeah13uddy: alone
(44:23 / All) ArkSummons: ?
(44:36 / All) Yeah13uddy: green tk me now for whatever reason
(44:44 / All) ArkSummons: good good.
(44:48 / All) ArkSummons: i will win now
(45:10 / All) KingOfBNET: Flawless
(45:29 / All) ArkSummons: soon you will die
(45:33 / All) ArkSummons: your army of yours
(45:34 / All) ArkSummons: pink
(45:36 / All) Yeah13uddy: im dead
(45:40 / All) ArkSummons: your army?
(45:41 / All) ArkSummons: good good
(45:44 / All) Yeah13uddy: yup
(45:48 / All) Yeah13uddy: green a fag too
(45:59 / All) Yeah13uddy: at least he feeld better now
(46:06 / All) ArkSummons: feels*
(47:12 / Allies) tacticalcow: haha u losers still here?
(47:18 / Allies) tacticalcow: hurry with my win brb
(47:35 / All) ArkSummons: what happen to your big chim army
(48:23 / All) ArkSummons: why no leave
(48:25 / All) ArkSummons: yet
(51:19 / All) ArkSummons: nuuuuuu
(51:21 / All) ArkSummons: my units
(51:25 / All) KingOfBNET: Want to creep tehse golems
(51:50 / All) ArkSummons: so pink and yellow
(51:53 / All) ArkSummons: are just afk?
(52:00 / All) KingOfBNET: Yellow is spamming me on his other account
(52:01 / All) KingOfBNET: with a bot
(52:06 / All) KingOfBNET: "CRYMORECRYMORECRYMORE"
(52:08 / All) ArkSummons: lawl
(52:31 / All) ArkSummons: lets leave and play together
(52:34 / All) ArkSummons: im bored
(52:38 / All) ArkSummons: of sitting here
(52:44 / 5) KingOfBNET: let me kill my base
(52:46 / 5) KingOfBNET: and theirs
(52:48 / All) ArkSummons: kk
(52:49 / All) ArkSummons: lol
(54:52 / 5) KingOfBNET: everything in the process of dying
(56:04 / All) KingOfBNET: do you like that ledge
(57:03 / Allies) tacticalcow: lol that's a lot of work keep it up loser, BRB
(57:10 / All) KingOfBNET: add me on youtube or MSN
(57:16 / All) KingOfBNET: youtube.com/lordfarsanky
(57:21 / All) KingOfBNET: evilshogun@live.com
(57:24 / All) ArkSummons: yea i like it
(57:35 / All) KingOfBNET: You can get some epic last stands up there
(57:42 / All) ArkSummons: lol
(57:44 / All) ArkSummons: ima go now
(57:45 / All) KingOfBNET: starfall is awesome up there
(57:47 / All) KingOfBNET: stay
(57:49 / 5) KingOfBNET: stay
(57:52 / All) ArkSummons: kk
(57:53 / 5) KingOfBNET: My base is almost dead
(58:07 / 5) KingOfBNET: You are giving them hope though lol
(59:32 / Allies) KingOfBNET: Pink you're going to go down as the biggest dupe in battlenet history
(60:10 / Allies) KingOfBNET: Your last buidling, thoughts?
(60:30 / Allies) KingOfBNET: If you don't respond in 10 seconds I'll kill it, respond and
(60:33 / Allies) KingOfBNET: I might let you win
(60:39 / Allies) KingOfBNET: 10
(60:42 / Allies) KingOfBNET: 9
(60:44 / Allies) KingOfBNET: 8
(60:46 / Allies) KingOfBNET: 7
(60:47 / Allies) KingOfBNET: 6
(60:48 / Allies) KingOfBNET: 5
(60:49 / Allies) KingOfBNET: 4
(60:50 / Allies) KingOfBNET: 3
(60:51 / Allies) KingOfBNET: 2
(60:53 / Allies) KingOfBNET: 1
(60:57 / Allies) KingOfBNET: Good game, you lose